 Dungeon Crawl Stone Soup version 0.24-a0-715-g0b739ee41d (webtiles) character file.

Game seed: 17717123909318646393, levelgen mode: deterministic

284 Arixos the Vexing (level 6, -3/35 HPs)
             Began as a Vampire Enchanter on Sept 30, 2019.
             Slain by an orc wizard
             ... wielding a +0 dagger
              (5 damage)
             ... on level 3 of the Dungeon.
             The game lasted 00:26:19 (4049 turns).

Arixos the Vexing (Vampire Enchanter)               Turns: 4049, Time: 00:26:19

Health: -3/35      AC:  5    Str:  3 (7)  XL:     6   Next: 7%
Magic:  0/10       EV: 12    Int: 14 (17) God:
Gold:   153        SH:  0    Dex: 13 (17) Spells: 2/11 levels left

rFire    + . .     SeeInvis +   a - +1 dagger
rCold    + + .     Gourm    .   (no shield)
rNeg     + + +     Faith    .   m - +1 leather armour {rF+}
rPois    ∞         Spirit   .   (no helmet)
rElec    .         Reflect  .   i - +0 cloak
rCorr    .         Harm     .   (no gloves)
MR       .....                  (no boots)
Stlth    +++++.....             (no amulet)
HPRegen  0.00/turn              (no ring)
MPRegen  0.12/turn              (no ring)

@: very slightly contaminated, bloodless, regenerating quickly
A: no food, fangs 3, see invisible, unbreathing
a: Bat Form, Revivify


You were on level 3 of the Dungeon.
You were bloodless.

You visited 1 branch of the dungeon, and saw 4 of its levels.

You collected 153 gold pieces.

Inventory:

Hand Weapons
 a - a +1 dagger (weapon)
Armour
 i - a +0 cloak (worn)
 m - a +1 leather armour of fire resistance (worn)
Wands
 b - a wand of random effects (10)
 k - a wand of enslavement (6)
Scrolls
 c - 2 scrolls of blinking {unknown}
 d - 2 scrolls of identify {unknown}
 g - a scroll of noise {unknown}
 j - a scroll of teleportation {unknown}
 n - a scroll of enchant weapon {unknown}
 o - a scroll of remove curse {unknown}
 p - a scroll of enchant armour {unknown}
 q - a scroll of random uselessness {unknown}
Potions
 e - a potion of heal wounds {unknown}
 f - a potion of invisibility {unknown}
 h - a potion of curing {unknown}
 l - 2 potions of haste


   Skills:
 + Level 1.7 Fighting
 + Level 2.9 Short Blades
 + Level 3.5 Dodging
 + Level 5.6 Stealth
 + Level 3.0 Spellcasting
 + Level 5.7 Hexes


You had 2 spell levels left.
You knew the following spells:

 Your Spells              Type           Power        Failure   Level  Hunger
a - Ensorcelled Hibernat  Hex/Ice        ##....       21%         2    N/A
b - Corona                Hex            ###....      4%          1    N/A
c - Confuse               Hex            ###.....     12%         3    N/A
d - Tukima's Dance        Hex            ###.....     12%         3    N/A

Your spell library contained the following spells:

 Spells                   Type           Power        Failure   Level  Hunger
 Dazzling Spray           Conj/Hex       ##....       36%         3    N/A

Dungeon Overview and Level Annotations

Branches:
Dungeon (4/15)
 Temple: D:4-7

Altars:
Ashenzari


Innate Abilities, Weirdness & Mutations

You do not eat.
You do not regenerate when monsters are visible.
You are frail without blood (-20% HP).
You are immune to poison.
You have razor-sharp teeth.
You have supernaturally acute eyesight. (SInv)
You can survive without breathing.


Message History

The orc wizard is severely wounded.
The orc wizard closely misses you.
You hit the orc wizard.
The orc wizard is almost dead.
The orc wizard closely misses you.
You hit the orc wizard but do no damage.
The orc wizard is almost dead.
The orc wizard closely misses you.
The orc wizard points at you and mumbles some strange words.
The magic dart hits you.
* * * LOW HITPOINT WARNING * * *
You closely miss the orc wizard.
The orc wizard is almost dead.
The orc wizard points at you and mumbles some strange words.
The puff of flame hits you. You resist.
* * * LOW HITPOINT WARNING * * *
You hit the orc wizard but do no damage.
The orc wizard is almost dead.
The orc wizard hits you with a +0 dagger.
You die...

....#.#.# ##...<.........[.).....
....#.#.###..........##.........#
....(.#.##...........##.........#
......#.#..#....................#
#.....#...##..............%.....#
###...#...##.........##.........#
#...#.#..#...................##
##..#.##.#.....o..............#
####............@.[.............#
#..........#####................#
#....%.....# #................#
#........#.# ########.........#
.........#.## ##.......##
#.........[.# ##.....##
#...........# #####..##
#..........## ##... #..........#
#...


You could see an orc wizard (invisible).

Vanquished Creatures
  2 orc wizards (D:3)
  Jessica (D:2)
  Ijyb (D:3)
  Terence (D:3)
  A hound skeleton (D:3)
  3 gnolls (D:2)
  2 adders (D:3)
  An ooze (D:1)
  4 worms
  A dart slug (D:2)
  A leopard gecko (D:3)
  4 orcs
  3 giant cockroaches
  11 hobgoblins
  8 bats
  2 frilled lizards
  16 goblins
  5 kobolds
  2 leopard gecko skeletons (D:4)
  8 rats
77 creatures vanquished.

Notes
Turn   | Place    | Note
-------+----------+-------------------------------------------
     0 | D:1      | Arixos the Vampire Enchanter began the quest for the Orb.
     0 | D:1      | Reached XP level 1. HP: 13/13 MP: 3/3
     1 | D:1      | Found a shattered altar of Ashenzari.
   101 | D:1      | Reached XP level 2. HP: 15/15 MP: 5/5
   494 | D:1      | Learned a level 2 spell: Ensorcelled Hibernation
  1525 | D:1      | Reached XP level 3. HP: 20/20 MP: 6/6
  1617 | D:1      | Learned a level 3 spell: Tukima's Dance
  1773 | D:2      | Reached skill level 5 in Hexes
  1776 | D:2      | Reached skill level 1 in Fighting
  1776 | D:2      | Reached skill level 5 in Stealth
  1917 | D:2      | Reached XP level 4. HP: 25/25 MP: 7/7
  2877 | D:3      | Noticed Jessica
  2880 | D:3      | Noticed Ijyb
  2892 | D:2      | Killed Jessica
  3076 | D:3      | Killed Ijyb
  3076 | D:3      | Reached XP level 5. HP: 29/29 MP: 6/9
  3808 | D:3      | Noticed Terence
  3815 | D:3      | Killed Terence
  3815 | D:3      | Reached XP level 6. HP: 35/35 MP: 10/10
  3999 | D:4      | Learned a level 3 spell: Confuse
  4049 | D:3      | Slain by an orc wizard

Levels and vault maps discovered:
D:1:      sevenhm_arrival_forest_fort_small_6, layout_basic
D:2:      layout_loops_cross
D:3:      layout_rooms, uniq_jessica, uniq_terence, uniq_ijyb
D:4:      layout_rooms, lemuel_crystal_altar,
          gammafunk_temple_overflow_elements, first_ration,
          uniq_crazy_yiuf_cottage, uniq_eustachio

Skill      XL: |  1  2  3  4  5 |
---------------+----------------+-----
Hexes          | 5 |  5.7
Fighting       | 1 |  1.7
Stealth        | 5 |  5.6
Short Blades   | 2 |  2.9
Dodging        | 3 |  3.5
Spellcasting   | 3 |  3.0

Action                   |  1- 3 |  4- 6 || total
-------------------------+-------+-------++-------
Melee: Dagger            |    93 |   133 ||   226
       Bite              |     4 |     4 ||     8
 Cast: Ensorcelled Hiber |    14 |    33 ||    47
       Corona            |     1 |       ||     1
       Confuse           |       |     1 ||     1
 Abil: Exsanguinate      |     1 |       ||     1
       End Transformatio |     1 |     2 ||     3
       Bat Form          |     1 |     2 ||     3
 Stab: Sleeping          |    20 |    38 ||    58
       Distracted        |       |     1 ||     1
Armor: Robe              |    14 |     5 ||    19
       Leather armour    |       |    30 ||    30
Dodge: Dodged            |    54 |    83 ||   137

Table legend:
 A = Non-vault XP
 B = Vault XP
 C = Vault XP percentage of total XP
 D = Non-vault monster count
 E = Vault monster count
 F = Vault count percentage of total count
                 A         B        C        D         E       F
            +---------+---------+-------+---------+---------+-------
      Total |     301 |     105 |  25.9 |      74 |       3 |   3.9
            +---------+---------+-------+---------+---------+-------
        D:1 |      41 |       0 |   0.0 |      23 |       0 |   0.0
        D:2 |      95 |      37 |  28.0 |      26 |       1 |   3.7
        D:3 |     160 |      68 |  29.8 |      22 |       2 |   8.3
        D:4 |       5 |       0 |   0.0 |       3 |       0 |   0.0
            +---------+---------+-------+---------+---------+-------
